Map: Dragon Scales LE

Players

Fiddler - Winner!

  • Race: Protoss Protoss
  • Spawn Location: 5:00

VOD

Have the link to the VOD?

Description

Time

  • Played on: July 18, 2023, 8:10 a.m.
  • Length: 16:13
Show
View Real Time Build Order
Export as new Build Order

Fiddler Protoss - Winner!

Build Orders:  

Get SALT Encoding   

  13  0:11  Probe (Chrono Boost)  
  13  0:28  Probe (Chrono Boost)  
  14  1:38  Pylon  
  14  2:04  Probe (Chrono Boost)  
  16  2:21  Probe (Chrono Boost)  
  16  2:42  Pylon  
  16  2:53  Probe (Chrono Boost)  
  17  3:40  Gateway  
  17  3:58  Gateway  
  17  4:27  Forge  
  17  5:23  Zealot  
  17  5:24  Zealot  
  21  6:00  Nexus  
  21  6:01  Zealot  
  21  6:02  Zealot  
  25  6:39  Zealot  
  27  6:40  Zealot  
  29  6:53  Pylon  
  29  7:04  Pylon  
  29  7:22  Zealot  
  29  7:23  Zealot  
  32  8:00  Zealot  
  32  8:01  Zealot  
  36  8:18  Probe (Chrono Boost)  
  37  8:35  Probe (Chrono Boost)  
  37  8:38  Zealot  
  37  8:39  Zealot  
  42  9:15  Zealot  
  42  9:17  Zealot  
  46  9:53  Zealot  
  46  9:55  Zealot  
  46  10:31  Zealot  
  48  10:46  Probe (Chrono Boost)  
  49  11:03  Probe (Chrono Boost)  
  50  11:10  Zealot  
  50  11:11  Zealot  
  54  11:48  Zealot  
  54  11:49  Zealot  
  58  12:25  Zealot  
  58  12:27  Zealot  
  62  14:14  Pylon  
  62  14:35  Pylon  
  62  14:40  Zealot x2  
Tags
 
Add a new tag
Caveats
  • Supply blocks, unpowered buildings, or Contaminate may cause inaccurate times.
  • Supply counts are checked every 10 seconds.